 Dungeon Crawl Stone Soup version 0.22-a0-247-gbddf880 (webtiles) character file.

1311 tsouns the Skirmisher (level 8, -1/54 HPs)
             Began as a Gargoyle Warper on Feb 25, 2018.
             Slain by an ogre
             ... wielding a cursed +0 giant club
              (21 damage)
             ... on level 6 of the Dungeon on Feb 26, 2018.
             The game lasted 00:13:08 (4841 turns).

tsouns the Skirmisher (Gargoyle Warper)             Turns: 4841, Time: 00:13:08

Health: -1/54      AC: 21    Str: 16    XL:     8   Next: 58%
Magic:  11/11      EV:  4    Int: 15    God:
Gold:   99         SH:  2    Dex:  9    Spells: 7/11 levels left

rFire    . . .     SeeInvis .   w - +0 war axe
rCold    + . .     Gourm    .   m - +0 buckler
rNeg     + . .     Faith    .   l - +2 plate armour
rPois    ∞         Spirit   .   (no helmet)
rElec    +         Reflect  .   g - +2 cloak
rCorr    .         Harm     .   (no gloves)
MR       .....                  (no boots)
Stlth    ..........             (no amulet)
HPRegen  0.18/turn              o - ring of protection from cold
MPRegen  0.12/turn              (no ring)

@: no status effects
A: negative energy resistance 1, electricity resistance, unbreathing,
petrification resistance, rot immunity, AC +5
a: no special abilities


You were on level 6 of the Dungeon.
You were not hungry.

You visited 1 branch of the dungeon, and saw 6 of its levels.

You collected 258 gold pieces.
You spent 159 gold pieces at shops.

Inventory:

Hand Weapons
 a - a +0 hand axe
 w - a +0 war axe (weapon)
Missiles
 e - 5 tomahawks of dispersal (quivered)
 i - 207 stones
 p - 2 javelins
Armour
 g - a +2 cloak (worn)
 l - a +2 plate armour (worn)
 m - a +0 buckler (worn)
Jewellery
 o - a ring of protection from cold (left hand)
Scrolls
 d - 3 scrolls of blinking
 f - 10 scrolls of teleportation
 j - 3 scrolls of remove curse
 k - 3 scrolls of fear
 x - 4 scrolls of magic mapping
Potions
 b - a potion of flight {unknown}
 h - a potion of heal wounds
 n - a potion of cancellation
 q - 2 potions of haste
 r - a potion of curing
 s - a potion of agility
 u - a potion of magic
Comestibles
 c - 18 rations


   Skills:
 + Level 7.8 Fighting
 * Level 6.8 Axes
 - Level 0.8 Throwing
 + Level 2.2 Armour
 - Level 1.5 Dodging
 - Level 2.0 Spellcasting
 - Level 2.6 Translocations


You had 7 spell levels left.
You knew the following spells:

 Your Spells              Type           Power        Failure   Level  Hunger
a - Blink                 Tloc           N/A          100%        2    ###....
b - Shroud of Golubria    Chrm/Tloc      #.........   100%        2    ###....


Dungeon Overview and Level Annotations

Branches:
Dungeon (6/15)
 Temple: D:4-7

Altars:
Qazlal
Sif Muna

Shops:
D:5 ??


Innate Abilities, Weirdness & Mutations

You are resistant to torment.
Your stone body is resilient. (AC +5)
You are immune to poison.
You resist negative energy. (rN+)
You are resistant to electric shocks. (rElec)
You can survive without breathing.
You are immune to petrification.
You are immune to rotting.


Message History

The ogre is moderately wounded.
The ogre hits you with a giant club!
You hit the ogre but do no damage.
The ogre is moderately wounded.
The ogre hits you with a giant club!
* * * LOW HITPOINT WARNING * * *
There is a stone staircase leading up here.
There is a stone staircase leading up here.
There is a stone staircase leading up here.
You see here a quarterstaff.
There is a stone staircase leading up here.
Okay, then.
The ogre hits you with a giant club!
There is a stone staircase leading up here.
The ogre hits you with a giant club.
There is a stone staircase leading up here.
You slash the ogre!
The ogre is heavily wounded.
The ogre hits you with a giant club!!
You die...

#............#
#.#.#.#.#)#.##
#............#
#.#.#.#.#.#.##
#............#
#.#.#.#.#.#.##
#........)...#
#.#.#.#.#.#O###
#.......<.@...#
###.#.#.#.#.#....#
#...........###.#
##.#.#.#.#.## #
#...........#
##.#.#.#.#.##
###########


You could see an ogre.

Vanquished Creatures
  A water moccasin (D:5)
  A phantom (D:4)
  2 ice beasts
  3 sky beasts
  2 ogres
  A centaur (D:6)
  A howler monkey (D:5)
  2 centaur zombies (D:5)
  Crazy Yiuf (D:2)
  An iguana (D:6)
  4 worker ants
  A gnoll (D:5)
  4 adders
  A shadow imp (D:5)
  An ooze (D:3)
  3 worms (D:3)
  2 dart slugs (D:1)
  3 leopard geckos (D:1)
  13 orcs
  6 giant cockroaches
  11 hobgoblins
  12 jackals
  A quokka (D:2)
  4 ball pythons
  4 bats
  10 frilled lizards
  9 goblins
  15 kobolds
  10 rats
  A plant (D:5)
130 creatures vanquished.

Notes
Turn   | Place    | Note
-------+----------+-------------------------------------------
     0 | D:1      | tsouns the Gargoyle Warper began the quest for the Orb.
     0 | D:1      | Reached XP level 1. HP: 12/12 MP: 3/3
   165 | D:1      | Reached XP level 2. HP: 9/18 MP: 5/5
   673 | D:1      | Reached skill level 3 in Fighting
   791 | D:1      | Reached XP level 3. HP: 21/23 MP: 6/6
  1086 | D:2      | Found a runed door.
  1090 | D:2      | Noticed Crazy Yiuf
  1099 | D:2      | Killed Crazy Yiuf
  1099 | D:2      | Reached XP level 4. HP: 19/29 MP: 7/7
  1597 | D:3      | Reached skill level 4 in Fighting
  2024 | D:3      | Noticed an ogre
  2027 | D:3      | Killed an ogre
  2027 | D:3      | Reached XP level 5. HP: 34/34 MP: 8/8
  2151 | D:3      | Found a deep blue altar of Sif Muna.
  2509 | D:4      | Reached XP level 6. HP: 39/40 MP: 9/9
  2529 | D:4      | Learned a level 2 spell: Blink
  2532 | D:4      | Learned a level 2 spell: Shroud of Golubria
  2717 | D:4      | Reached skill level 5 in Fighting
  2959 | D:4      | Noticed a phantom
  3052 | D:4      | Killed a phantom
  3234 | D:5      | Entered Level 5 of the Dungeon
  3234 | D:5      | Noticed an ice beast
  3299 | D:4      | Killed an ice beast
  3299 | D:4      | Reached XP level 7. HP: 23/45 MP: 10/10
  3451 | D:5      | Reached skill level 6 in Fighting
  3451 | D:5      | Reached skill level 5 in Axes
  3809 | D:5      | Found a stormy altar of Qazlal.
  3871 | D:5      | Reached skill level 7 in Fighting
  3871 | D:5      | Reached XP level 8. HP: 41/53 MP: 11/11
  3949 | D:5      | Found Oceot's Magic Scroll Emporium.
  3958 | D:5      | Bought a scroll of identify for 22 gold pieces
  3958 | D:5      | Bought a scroll of identify for 22 gold pieces
  3958 | D:5      | Bought a scroll of identify for 22 gold pieces
  3958 | D:5      | Bought a scroll of identify for 22 gold pieces
  3958 | D:5      | Bought a scroll of teleportation for 33 gold pieces
  3958 | D:5      | Bought a scroll of magic mapping for 38 gold pieces
  3984 | D:5      | Found Xueffec's Magic Scroll Shoppe.
  4841 | D:6      | Slain by an ogre

Vault maps used:
D:1:      elethiomel_arrival_maze
D:2:      uniq_crazy_yiuf_cottage
D:3:      led_sif_pool, first_ration
D:4:      corexii_corridor_pit
D:5:      corexii_shantytown, grunt_qazlal_clouds, serial_shops, shop,
          kennysheep_windowed_goal
D:6:      kennysheep_mini_moat, minmay_temple_entry_nine_rooms, st_stairs_11,
          columned_hall_lemuel

Skill      XL: |  1  2  3  4  5  6  7  8 |
---------------+-------------------------+-----
Axes           | 2 3 4 5 6 |  6.8
Fighting       | 3 4 5 7 |  7.8
Armour         | 2 |  2.2
Throwing       | |  0.8
Dodging        | |  1.5
Spellcasting   | |  2.0
Translocations | |  2.6

Action                   |  1- 3 |  4- 6 |  7- 9 || total
-------------------------+-------+-------+-------++-------
Melee: Hand axe          |   146 |   341 |    87 ||   574
       War axe           |       |       |   232 ||   232
Evoke: Wand              |       |     3 |     7 ||    10
  Use: Scroll            |    10 |     3 |     5 ||    18
       Potion            |     1 |       |       ||     1
  Eat: Chunk             |     1 |     7 |       ||     8
       Ration            |       |       |     2 ||     2
Armor: Leather armour    |     6 |       |       ||     6
       Plate armour      |   119 |   300 |   274 ||   693
Dodge: Dodged            |    29 |    72 |    73 ||   174
Block: Buckler           |     9 |    30 |    27 ||    66

Table legend:
 A = Spawn XP
 B = Non-spawn XP
 C = Spawn XP percentage of total XP
 D = Spawn monster count
 E = Non-spawn monster count
 F = Spawn count percentage of total count
 G = Total turns spent on level
                    A         B        C        D         E        F      G
               +---------+---------+-------+---------+---------+-------+---------
         Total |       0 |    1873 |   0.0 |       0 |     129 |   0.0 |  4841
               +---------+---------+-------+---------+---------+-------+---------
           D:1 |       0 |      36 |   0.0 |       0 |      21 |   0.0 |   879
           D:2 |       0 |      94 |   0.0 |       0 |      27 |   0.0 |   701
           D:3 |       0 |     177 |   0.0 |       0 |      21 |   0.0 |   922
           D:4 |       0 |     357 |   0.0 |       0 |      13 |   0.0 |   918
           D:5 |       0 |     801 |   0.0 |       0 |      42 |   0.0 |   964
           D:6 |       0 |     408 |   0.0 |       0 |       5 |   0.0 |   457
               +---------+---------+-------+---------+---------+-------+---------
